TOP OF THE 1ST |
Houston Marshals batting - Pitching for Irvine Gang Green : RHP Jung Chwa
|
Pitching: RHP Jung Chwa
|
|
Batting: RHB David Murray
|
0-0: Called Strike 0-1: Ground out 1-3 (Groundball, 13S)
|
Batting: LHB Lewis Barr
|
0-0: Ball 1-0: Called Strike 1-1: Foul Ball, location: 2F 1-2: Ball 2-2: Ball 3-2: Ground out 5-3 (Groundball, 56)
|
Batting: LHB Matt Smith
|
0-0: SOLO HOME RUN (Flyball, 8RXD), Distance : 450 ft
|
Batting: LHB José Rodríguez
|
0-0: Called Strike 0-1: Swinging Strike 0-2: Foul Ball, location: 2F 0-2: Ball 1-2: Fly out, F7 (Flyball, 7LS)
|
Top of the 1st over - 1 run(s), 1 hit(s), 0 error(s), 0 left on base; Houston 1 - Irvine 0 |
BOTTOM OF THE 1ST |
Irvine Gang Green batting - Pitching for Houston Marshals : LHP Stan Aldridge
|
Pitching: LHP Stan Aldridge
|
|
Batting: RHB José Salazar
|
0-0: Foul Ball, location: 2F 0-1: Ball 1-1: Foul Ball, location: 2F 1-2: Ball 2-2: Foul Ball, location: 2F 2-2: Ball 3-2: Ground out 6-3 (Groundball, 56)
|
Batting: RHB Buck Jones
|
0-0: Foul Ball, location: 2F 0-1: Fly out, F7 (Flyball, 78S)
|
Batting: RHB Eichiro Yamamoto
|
0-0: Ball 1-0: Foul Ball, location: 2F 1-1: Foul Ball, location: 2F 1-2: SINGLE (Groundball, 4MD)
|
Batting: LHB Jesús Campos
|
0-0: Ball 1-0: Foul Ball, location: 2F 1-1: Foul Ball, location: 2F 1-2: Foul Ball, location: 2F 1-2: Foul Ball, location: 2F 1-2: Ball 2-2: SINGLE (Groundball, 34D) Eichiro Yamamoto to second Runner from 2nd tries for 3rd, OUT!
|
Bottom of the 1st over - 0 run(s), 2 hit(s), 0 error(s), 1 left on base; Houston 1 - Irvine 0 |
TOP OF THE 2ND |
Houston Marshals batting - Pitching for Irvine Gang Green : RHP Jung Chwa
|
Batting: LHB John Peterson
|
0-0: SINGLE (Groundball, 34) (infield hit)
|
Batting: LHB Kent MacDulothe
|
0-0: Ball 1-0: Ground out U3 (Groundball, 34) John Peterson to second
|
Batting: SHB Ramón Lugo
|
0-0: Called Strike 0-1: Swinging Strike 0-2: Strikes out swinging
|
Batting: SHB Juan Gómez
|
0-0: Swinging Strike 0-1: Ball 1-1: Called Strike 1-2: Fly out, F9 (Line Drive, 9D)
|
Top of the 2nd over - 0 run(s), 1 hit(s), 0 error(s), 1 left on base; Houston 1 - Irvine 0 |
BOTTOM OF THE 2ND |
Irvine Gang Green batting - Pitching for Houston Marshals : LHP Stan Aldridge
|
Batting: RHB Tom Doherty
|
0-0: Ball 1-0: Ground out 4-3 (Groundball, 4)
|
Batting: RHB Aaron Wilson
|
0-0: Called Strike 0-1: Ground out 6-3 (Groundball, 6)
|
Batting: RHB Tyler Wagner
|
0-0: Foul Ball, location: 2F 0-1: Ball 1-1: Ball 2-1: Foul Ball, location: 2F 2-2: Ball 3-2: Base on Balls
|
Batting: RHB Rafael González
|
0-0: Called Strike 0-1: Ground out 1-3 (Groundball, P)
|
Bottom of the 2nd over - 0 run(s), 0 hit(s), 0 error(s), 1 left on base; Houston 1 - Irvine 0 |
TOP OF THE 3RD |
Houston Marshals batting - Pitching for Irvine Gang Green : RHP Jung Chwa
|
Batting: RHB Jim Tracy
|
0-0: Fly out, F9 (Flyball, 9D)
|
Batting: RHB David Murray
|
0-0: Fly out, F8 (Flyball, 8LM)
|
Batting: LHB Lewis Barr
|
0-0: Swinging Strike 0-1: Swinging Strike 0-2: Ball 1-2: Foul Ball, location: 2F 1-2: Ball 2-2: SINGLE (Line Drive, 89M)
|
Batting: LHB Matt Smith
|
0-0: Foul Ball, location: 2F 0-1: DOUBLE (Line Drive, 89D) Lewis Barr to third Runner from 3rd tries for Home, throw and OUT!
|
Top of the 3rd over - 0 run(s), 2 hit(s), 0 error(s), 1 left on base; Houston 1 - Irvine 0 |
BOTTOM OF THE 3RD |
Irvine Gang Green batting - Pitching for Houston Marshals : LHP Stan Aldridge
|
Batting: RHB Manny Copriviza
|
0-0: SINGLE (Line Drive, 6D)
|
Batting: RHB José Salazar
|
0-0: Ball 1-0: Ball 2-0: Called Strike 2-1: Foul Ball, location: 2F 2-2: Foul Ball, location: 2F 2-2: Foul Ball, location: 2F 2-2: Foul Ball, location: 2F 2-2: Fly out, F9 (Flyball, 9)
|
Batting: RHB Buck Jones
|
0-0: Ball 1-0: Ball 2-0: SINGLE (Groundball, 3D) Manny Copriviza to second
|
Batting: RHB Eichiro Yamamoto
|
0-0: Called Strike 0-1: Ball 1-1: Ball 2-1: Foul Ball, location: 2F 2-2: Foul Ball, location: 2F 2-2: Foul Ball, location: 2F 2-2: Ball 3-2: Foul Ball, location: 2F 3-2: Foul Ball, location: 2F 3-2: SINGLE (Groundball, 56D) Manny Copriviza to third Buck Jones to second
|
Batting: LHB Jesús Campos
|
0-0: Foul Ball, location: 2F 0-1: Ball 1-1: Foul Ball, location: 2F 1-2: Ball 2-2: Foul Ball, location: 2F 2-2: Foul Ball, location: 2F 2-2: Fly out, F7 (Flyball, 7LS)
|
Batting: RHB Tom Doherty
|
0-0: Called Strike 0-1: Ball 1-1: Ball 2-1: Foul Ball, location: 2F 2-2: SINGLE (Groundball, 56S) (infield hit) Manny Copriviza scores Buck Jones to third Eichiro Yamamoto to second
|
Batting: RHB Aaron Wilson
|
0-0: Ball 1-0: Called Strike 1-1: Ball 2-1: Swinging Strike 2-2: Foul Ball, location: 2F 2-2: Foul Ball, location: 2F 2-2: Foul Ball, location: 2F 2-2: Ball 3-2: Foul Ball, location: 2F 3-2: Fly out, F6 (Popup, 6D)
|
Bottom of the 3rd over - 1 run(s), 4 hit(s), 0 error(s), 3 left on base; Houston 1 - Irvine 1 |
TOP OF THE 4TH |
Houston Marshals batting - Pitching for Irvine Gang Green : RHP Jung Chwa
|
Batting: LHB José Rodríguez
|
0-0: Ball 1-0: Swinging Strike 1-1: Foul Ball, location: 2F 1-2: Ball 2-2: Fly out, F8 (Flyball, 89XD)
|
Batting: LHB John Peterson
|
0-0: Ball 1-0: Foul Ball, location: 2F 1-1: Ball 2-1: Ball 3-1: Ground out 5-3 (Groundball, 2L)
|
Batting: LHB Kent MacDulothe
|
0-0: Ball 1-0: Ball 2-0: Called Strike 2-1: Called Strike 2-2: SOLO HOME RUN (Flyball, 9D), Distance : 412 ft
|
Batting: SHB Ramón Lugo
|
0-0: Ball 1-0: Foul Ball, location: 2F 1-1: Foul Ball, location: 2F 1-2: SINGLE (Groundball, 34D)
|
Batting: SHB Juan Gómez
|
0-0: Ball 1-0: Swinging Strike 1-1: Ball 2-1: Foul Ball, location: 2F 2-2: Ball 3-2: Fly out, F8 (Flyball, 8LD)
|
Top of the 4th over - 1 run(s), 2 hit(s), 0 error(s), 1 left on base; Houston 2 - Irvine 1 |
BOTTOM OF THE 4TH |
Irvine Gang Green batting - Pitching for Houston Marshals : LHP Stan Aldridge
|
Batting: RHB Tyler Wagner
|
0-0: Swinging Strike 0-1: Reached on error, E6 (Groundball, 6S)
|
Batting: RHB Rafael González
|
0-0: Called Strike 0-1: Foul Ball, location: 2F 0-2: Ball 1-2: Ball 2-2: Ground out 5-3 (Groundball, 5S) Tyler Wagner to third
|
Batting: RHB Manny Copriviza
|
0-0: Ball 1-0: Ball 2-0: Called Strike 2-1: Foul Ball, location: 2F 2-2: Fly out, F7 (Flyball, 7) Runner from 3rd tags up, SCORES, no throw
|
Batting: RHB José Salazar
|
0-0: Ball 1-0: Ball 2-0: Called Strike 2-1: Foul Ball, location: 2F 2-2: Ground out U3 (Groundball, 34)
|
Bottom of the 4th over - 1 run(s), 0 hit(s), 1 error(s), 0 left on base; Houston 2 - Irvine 2 |
TOP OF THE 5TH |
Houston Marshals batting - Pitching for Irvine Gang Green : RHP Jung Chwa
|
Batting: RHB Jim Tracy
|
0-0: Called Strike 0-1: Foul Ball, location: 2F 0-2: Foul Ball, location: 2F 0-2: DOUBLE (Groundball, 3L)
|
Batting: RHB David Murray
|
0-0: Foul Ball, location: 2F 0-1: Ball 1-1: Ball 2-1: Ground out 5-3 (Groundball, 56)
|
Batting: LHB Lewis Barr
|
0-0: Ball 1-0: Fly out, F7 (Line Drive, 7)
|
Batting: LHB Matt Smith
|
0-0: Foul Ball, location: 2F 0-1: Foul Ball, location: 2F 0-2: Fly out, F7 (Flyball, 78M)
|
Top of the 5th over - 0 run(s), 1 hit(s), 0 error(s), 1 left on base; Houston 2 - Irvine 2 |
BOTTOM OF THE 5TH |
Irvine Gang Green batting - Pitching for Houston Marshals : LHP Stan Aldridge
|
Pitching: RHP Vinícius Itaquy
|
|
Batting: RHB Buck Jones
|
0-0: Ball 1-0: Called Strike 1-1: Called Strike 1-2: Ground out 5-3 (Groundball, 5S)
|
Batting: RHB Eichiro Yamamoto
|
0-0: Called Strike 0-1: Called Strike 0-2: Fly out, F6 (Popup, 6MD)
|
Batting: LHB Jesús Campos
|
0-0: Ball 1-0: Swinging Strike 1-1: Ground out 3-1 (Groundball, 34)
|
Bottom of the 5th over - 0 run(s), 0 hit(s), 0 error(s), 0 left on base; Houston 2 - Irvine 2 |
TOP OF THE 6TH |
Houston Marshals batting - Pitching for Irvine Gang Green : RHP Jung Chwa
|
Batting: LHB José Rodríguez
|
0-0: Called Strike 0-1: Ball 1-1: Called Strike 1-2: Ball 2-2: Ground out 4-3 (Groundball, 34)
|
Batting: LHB John Peterson
|
0-0: Called Strike 0-1: Foul Ball, location: 2F 0-2: SINGLE (Groundball, 4MD)
|
Batting: LHB Kent MacDulothe
|
0-0: Foul Ball, location: 2F 0-1: Ground out 5-3 (Groundball, 56S) John Peterson to second
|
Batting: SHB Ramón Lugo
|
0-0: Called Strike 0-1: Fly out, F9 (Line Drive, 9)
|
Top of the 6th over - 0 run(s), 1 hit(s), 0 error(s), 1 left on base; Houston 2 - Irvine 2 |
BOTTOM OF THE 6TH |
Irvine Gang Green batting - Pitching for Houston Marshals : RHP Vinícius Itaquy
|
Batting: RHB Tom Doherty
|
0-0: Ball 1-0: Called Strike 1-1: Swinging Strike 1-2: Ball 2-2: Ball 3-2: Ground out 6-3 (Groundball, 6M)
|
Batting: RHB Aaron Wilson
|
0-0: Ball 1-0: Ball 2-0: Called Strike 2-1: Swinging Strike 2-2: SINGLE (Groundball, 4D)
|
Batting: RHB Tyler Wagner
|
0-0: Ball 1-0: Fielders Choice at 2nd, 1-6 (Groundball, 13S)
|
Batting: RHB Rafael González
|
0-0: Swinging Strike 0-1: Ball 1-1: Ball 2-1: Called Strike 2-2: Foul Ball, location: 2F 2-2: Ball 3-2: Ground out 4-3 (Groundball, 4)
|
Bottom of the 6th over - 0 run(s), 1 hit(s), 0 error(s), 1 left on base; Houston 2 - Irvine 2 |
TOP OF THE 7TH |
Houston Marshals batting - Pitching for Irvine Gang Green : RHP Jung Chwa
|
Batting: SHB Juan Gómez
|
0-0: Foul Ball, location: 2F 0-1: SOLO HOME RUN (Flyball, 89XD), Distance : 437 ft
|
Batting: RHB Jim Tracy
|
0-0: Called Strike 0-1: Called Strike 0-2: Ball 1-2: Ball 2-2: Ball 3-2: Reached on error, E1 (Groundball, 15S)
|
Batting: RHB David Murray
|
0-0: Ball 1-0: Called Strike 1-1: Called Strike 1-2: Foul Ball, location: 2F 1-2: Ball 2-2: SINGLE (Line Drive, 6D) Jim Tracy to second
|
Batting: LHB Lewis Barr
|
0-0: Ball 1-0: Bunted foul 1-1: Sac Bunt - play at first, batter OUT! 1-4 Jim Tracy to third David Murray to second
|
Batting: LHB Matt Smith
|
0-0: Called Strike 0-1: Foul Ball, location: 2F 0-2: Foul Ball, location: 2F 0-2: Ball 1-2: DOUBLE (Line Drive, 9LM) Jim Tracy scores David Murray scores
|
Pitching: RHP Mike Fisher
|
|
Batting: LHB José Rodríguez
|
0-0: Ball 1-0: Called Strike 1-1: Called Strike 1-2: Foul Ball, location: 2F 1-2: Foul Ball, location: 2F 1-2: Ball 2-2: SINGLE (Groundball, 34D) Matt Smith to third
|
Pitching: LHP Yu-shu Kong
|
|
Batting: LHB John Peterson
|
0-0: Foul Ball, location: 2F 0-1: Ball 1-1: Called Strike 1-2: Ball 2-2: Ball 3-2: Fly out, F7 (Flyball, 7LS)
|
Pitching: RHP Raúl Saltines
|
|
Batting: LHB Kent MacDulothe
|
0-0: Foul Ball, location: 2F 0-1: Swinging Strike 0-2: Ball 1-2: Strikes out swinging
|
Top of the 7th over - 3 run(s), 4 hit(s), 1 error(s), 2 left on base; Houston 5 - Irvine 2 |
BOTTOM OF THE 7TH |
Irvine Gang Green batting - Pitching for Houston Marshals : RHP Vinícius Itaquy
|
Batting: RHB Manny Copriviza
|
0-0: Ball 1-0: Called Strike 1-1: Swinging Strike 1-2: Strikes out swinging
|
Batting: RHB José Salazar
|
0-0: Ball 1-0: Fly out, F7 (Flyball, 7)
|
Batting: RHB Buck Jones
|
0-0: Foul Ball, location: 2F 0-1: Ball 1-1: Ground out 4-3 (Groundball, 4)
|
Bottom of the 7th over - 0 run(s), 0 hit(s), 0 error(s), 0 left on base; Houston 5 - Irvine 2 |
TOP OF THE 8TH |
Houston Marshals batting - Pitching for Irvine Gang Green : RHP Raúl Saltines
|
Batting: SHB Ramón Lugo
|
0-0: Ball 1-0: Called Strike 1-1: Called Strike 1-2: Foul Ball, location: 2F 1-2: Ball 2-2: Foul Ball, location: 2F 2-2: Strikes out swinging
|
Batting: SHB Juan Gómez
|
0-0: Called Strike 0-1: Called Strike 0-2: Ball 1-2: Ball 2-2: Strikes out swinging
|
Batting: RHB Jim Tracy
|
0-0: Ball 1-0: Ball 2-0: Foul Ball, location: 2F 2-1: Foul Ball, location: 2F 2-2: Ball 3-2: Strikes out swinging
|
Top of the 8th over - 0 run(s), 0 hit(s), 0 error(s), 0 left on base; Houston 5 - Irvine 2 |
BOTTOM OF THE 8TH |
Irvine Gang Green batting - Pitching for Houston Marshals : RHP Vinícius Itaquy
|
Batting: RHB Eichiro Yamamoto
|
0-0: Ball 1-0: Foul Ball, location: 2F 1-1: Ball 2-1: Ground out 3-1 (Groundball, 2R)
|
Batting: LHB Jesús Campos
|
0-0: SINGLE (Groundball, 34S) (infield hit)
|
Pitching: RHP Pablo Cabral
|
|
Batting: RHB Tom Doherty
|
0-0: Fly out, F9 (Flyball, 89M)
|
Batting: RHB Aaron Wilson
|
0-0: Called Strike 0-1: Foul Ball, location: 2F 0-2: Ball 1-2: Strikes out looking
|
Bottom of the 8th over - 0 run(s), 1 hit(s), 0 error(s), 1 left on base; Houston 5 - Irvine 2 |
TOP OF THE 9TH |
Houston Marshals batting - Pitching for Irvine Gang Green : RHP Raúl Saltines
|
Batting: RHB David Murray
|
0-0: Fly out, F8 (Flyball, 8RS)
|
Batting: LHB Lewis Barr
|
0-0: Called Strike 0-1: Ball 1-1: Foul Ball, location: 2F 1-2: Fly out, F8 (Flyball, 8LD)
|
Batting: LHB Matt Smith
|
0-0: Ball 1-0: Ball 2-0: Swinging Strike 2-1: Swinging Strike 2-2: Strikes out looking
|
Top of the 9th over - 0 run(s), 0 hit(s), 0 error(s), 0 left on base; Houston 5 - Irvine 2 |
BOTTOM OF THE 9TH |
Irvine Gang Green batting - Pitching for Houston Marshals : RHP Pablo Cabral
|
Pitching: RHP Edward Cadle
|
|
Batting: RHB Tyler Wagner
|
0-0: Ball 1-0: Ball 2-0: SINGLE (Groundball, 56D)
|
Batting: RHB Rafael González
|
0-0: Ball 1-0: Foul Ball, location: 2F 1-1: Ball 2-1: Ball 3-1: Foul Ball, location: 2F 3-2: Grounds into double play, 4-6-3 (Groundball, 4M)
|
Batting: RHB Manny Copriviza
|
0-0: Ball 1-0: Ball 2-0: Ball 3-0: Called Strike 3-1: Called Strike 3-2: Fly out, F8 (Line Drive, 78M)
|
Bottom of the 9th over - 0 run(s), 1 hit(s), 0 error(s), 0 left on base; Houston 5 - Irvine 2 |
|